 Dungeon Crawl Stone Soup version 0.26-a0-812-g31a745ddcd (webtiles) character file.

Game seed: 18099464896451329553

458 kae the Ruffian (level 6, -1/50 HPs)
             Began as a Draconian Transmuter on Nov 24, 2020.
             Killed from afar by an orc wizard (10 damage)
             ... with a puff of frost
             ... on level 5 of the Dungeon.
             The game lasted 00:03:05 (5017 turns).

kae the Ruffian (Draconian Transmuter)              Turns: 5017, Time: 00:03:05

Health: -1/50      AC:  2    Str: 14    XL:     6   Next: 77%
Magic:  8/10       EV: 21    Int: 14    God:
Gold:   145        SH:  0    Dex: 18    Spells: 6/10 levels left

rFire    . . .     SeeInvis .     - Unarmed
rCold    . . .     Faith    .   (shield currently unavailable)
rNeg     . . .     Spirit   .   (armour unavailable)
rPois    x         Reflect  .   (helmet currently unavailable)
rElec    .         Harm     .   (cloak currently unavailable)
rCorr    .         Rampage  .   (gloves currently unavailable)
MR       .....                  (boots currently unavailable)
Stlth    ++........             (no amulet)
HPRegen  0.16/turn              (no ring)
MPRegen  0.12/turn              (no ring)

@: about to teleport, spider-form (expiring)
A: tiny, unfitting armour, agile 1, AC +6
a: End Transformation


You were on level 5 of the Dungeon.
You were a venomous arachnid creature.
You visited 1 branch of the dungeon, and saw 5 of its levels.

You collected 145 gold pieces.

Inventory:

Wands
 e - a wand of random effects (20)
 k - a wand of digging (4)
 l - a wand of iceblast (6)
Scrolls
 a - a scroll of remove curse
 b - a scroll of magic mapping
 c - a scroll of teleportation
 g - 2 scrolls of identify {unknown}
 h - a scroll of fog {unknown}
 j - a scroll of enchant weapon {unknown}
Potions
 d - a potion of haste {unknown}
 i - a potion of flight {unknown}
 m - 2 potions of cancellation {unknown}


   Skills:
 + Level 2.8 Fighting
 + Level 2.8 Dodging
 * Level 4.5 Unarmed Combat
 + Level 2.8 Spellcasting
 * Level 3.8 Transmutations
 * Level 2.7 Poison Magic


You had 6 spell levels left.
You knew the following spells:

 Your Spells              Type           Power        Failure   Level
a - Beastly Appendage     Tmut           ##....       14%         1
b - Spider Form           Tmut/Pois      ##........   36%         3

Your spell library contained the following spells:

 Spells                   Type           Power        Failure   Level
 Wereblood                Tmut           ##......     19%         2
 Animate Skeleton         Necr           #.....       43%         1
 Apportation              Tloc           #.....       43%         1
 Corona                   Hex            #......      43%         1
 Magic Dart               Conj           #...         43%         1
 Summon Small Mammal      Summ           #...         43%         1
 Searing Ray              Conj           #.....       54%         2
 Dazzling Flash           Conj/Hex       #.....       75%         3
 Ice Form                 Ice/Tmut       #.......     86%         4
 Blade Hands              Tmut           ##........   90%         5
 Fulminant Prism          Conj/Hex       #.........   98%         4
 Iskenderun's Mystic Bla  Conj/Tloc      #.......     98%         4


Dungeon Overview and Level Annotations

Branches:
Dungeon (5/15)
 Temple: D:4-7

Altars:
Dithmenos
Qazlal
Ru
Xom

Shops:
D:5 (

Annotations:
D:4 Ijyb
D:5 exclusion: centaur


Innate Abilities, Weirdness & Mutations

((Your plain brown scales are hard. (AC +6)))
You cannot fit into any form of body armour.
((You are cold-blooded and may be slowed by cold attacks.))
You are agile. (Dex +2)
((Your flesh is heat resistant. (rF+)))


Message History

The orc hits you with a +0 club. Something hits you.
You hit the orc wizard.
The orc wizard is poisoned.
The orc wizard is almost dead.
The orc wizard completely misses you. The orc hits you with a +0 hand axe.
The orc misses you. Something hits you but does no damage.
You closely miss something. The orc wizard closely misses you.
The orc misses you. The orc wizard misses you. The orc misses you.
You hit the orc wizard.
You kill the orc wizard!
Something hits you. The orc barely misses you.
The orc hits you with a +0 hand axe.
* * * LOW HITPOINT WARNING * * *
The orc closely misses you. The orc completely misses you. The orc hits you.
* * * LOW HITPOINT WARNING * * *
As you read the scroll labelled JEON SUTOBICS, it crumbles to dust.
You feel strangely unstable.
It was a scroll of teleportation.
You hear some strange, mumbled words.
A puff of frost appears from out of thin air!
The puff of frost hits you!
You die...

.# #....... .# #......#
.# +......# .# #......#
.# .#......# .#
..#......###
.#########..###.[o...#
.#............#..o...#
.'............#.s{o..#
.#............+.oo.......
.#'##...####+##.$........
##.###'##.......#####.###
...#....#.......# ...
...#....#......(# ...
...#....#....... ..
...#....#.......
...#....#.......


You could see 5 orcs.

Vanquished Creatures
  An ogre (D:5)
  An orc priest (D:4)
  3 orc wizards
  Terence (D:3)
  A worker ant (D:5)
  Robin (D:4)
  8 adders
  A white imp (D:5)
  An ooze (D:2)
  3 worms
  3 dart slugs
  A leopard gecko (D:2)
  11 orcs
  2 ball pythons
  4 giant cockroaches
  7 hobgoblins
  8 jackals
  8 kobolds
  4 quokkas
  A ball python skeleton (D:4)
  5 bats
  13 frilled lizards
  7 goblins
  A leopard gecko zombie (D:5)
  9 rats
105 creatures vanquished.

Notes
Turn   | Place    | Note
-------+----------+-------------------------------------------
     0 | D:1      | kae the Draconian Transmuter began the quest for the Orb.
     0 | D:1      | Reached XP level 1. HP: 16/16 MP: 3/3
   269 | D:1      | Reached XP level 2. HP: 19/23 MP: 3/5
  1652 | D:2      | Reached XP level 3. HP: 28/28 MP: 4/6
  1657 | D:2      | Learned a level 3 spell: Spider Form
  1670 | D:2      | Found a stormy altar of Qazlal.
  1926 | D:2      | Found a shimmering altar of Xom.
  2114 | D:2      | Reached XP level 4. HP: 36/36 MP: 5/7
  2216 | D:2      | Found a sacrificial altar of Ru.
  2230 | D:2      | Reached skill level 1 in Poison Magic
  2747 | D:3      | Found a shadowy altar of Dithmenos.
  2985 | D:3      | Noticed Terence
  3159 | D:3      | Killed Terence
  3159 | D:3      | Reached XP level 5. HP: 27/41 MP: 1/8
  3502 | D:3      | Gained mutation: You are agile. (Dex +2) [potion of
                  | mutation]
  3502 | D:3      | Gained mutation: Your flesh is heat resistant. (rF+)
                  | [potion of mutation]
  3731 | D:3      | You fall into a shaft and drop 2 floors!
  3731 | D:5      | Entered Level 5 of the Dungeon
  3749 | D:5      | Noticed a centaur
  3759 | D:5      | Found Roiduon's Weapon Emporium.
  4066 | D:5      | Noticed an ogre
  4075 | D:5      | Killed an ogre
  4075 | D:5      | Reached skill level 4 in Unarmed Combat
  4075 | D:5      | Reached XP level 6. HP: 39/50 MP: 5/9
  4512 | D:4      | Noticed Robin
  4531 | D:4      | Killed Robin
  4560 | D:4      | Noticed Ijyb
  4573 | D:4      | HP: 2/50 [poisoned by Robin]
  4992 | D:4      | You fall into a shaft and drop 1 floor!
  5017 | D:5      | Killed from afar by an orc wizard

Illustrated notes

Levels and vault maps discovered:
D:1:      denvon_arrival_waterhouse, layout_basic, serial_aquarium,
          aquarium_bridge_square [aquarium_subvault_bridge,
          aquarium_subvault_balcony, aquarium_subvault_wall,
          aquarium_subvault_window], aquarium_bridge_square
          [aquarium_subvault_window, aquarium_subvault_bridge,
          aquarium_subvault_bridge, aquarium_subvault_window],
          aquarium_window_fake, aquarium_window_3, aquarium_view_2c,
          aquarium_view_2b, chequers_serial_rivers_micro_e, minmay_lizard_pond
D:2:      layout_loops_ring, grunt_qazlal_clouds,
          nicolae_ru_great_annihilating_truth, xom_butterflies
D:3:      kennysheep_six_static_rooms, layout_loops_ring, grunt_dithmenos_smoke,
          uniq_terence
D:4:      layout_basic, uniq_robin, uniq_ijyb
D:5:      layout_gridville, zin_treasury, kennysheep_mini_moat, temple_green,
          serial_shops, shop

Skill      XL: |  1  2  3  4  5 |
---------------+----------------+-----
Dodging        | 2 |  2.8
Fighting       | 2 |  2.8
Poison Magic   | 1 2 |  2.7
Transmutations | 3 |  3.8
Unarmed Combat | 4 |  4.5
Spellcasting   | |  2.8

Action                   |  1- 3 |  4- 6 || total
-------------------------+-------+-------++-------
Melee: Unarmed           |   111 |   202 ||   313
       Kick              |    13 |     8 ||    21
       Tailslap          |    13 |     6 ||    19
       Headbutt          |     6 |     6 ||    12
       Punch             |     1 |     1 ||     2
 Cast: Beastly Appendage |    25 |    22 ||    47
       Spider Form       |       |    14 ||    14
  Use: Scroll            |     2 |     1 ||     3
       Potion            |       |     6 ||     6
 Stab: Sleeping          |     2 |     2 ||     4
       Distracted        |     1 |       ||     1
       Paralysed         |       |     1 ||     1
Armor: Skin              |    32 |    39 ||    71
Dodge: Dodged            |    67 |   198 ||   265

Table legend: (Time is in decaauts)
 A = Elapsed time spent in this place.
 B = Non-inter-level travel time spent in this place.
 C = Inter-level travel time spent in this place.
 D = Time resting spent in this place.
 E = Time spent auto-exploring this place.
 F = Levels seen in this place.
 G = Mean time per level.
                   A        B        C        D        E       F      G
               +--------+--------+--------+--------+--------+-----+--------+
         Total |   4999 |   4853 |    146 |     61 |   3882 |   5 |  999.8 |
       Dungeon |   4999 |   4853 |    146 |     61 |   3882 |   5 |  999.8 |
               +--------+--------+--------+--------+--------+-----+--------+

Top non-repeatable levels by time:
     D:1: 1645 daAuts
     D:2: 1090 daAuts
     D:3: 983 daAuts
     D:4: 668 daAuts
     D:5: 611 daAuts
